 Dungeon Crawl Stone Soup version 0.24-a0-244-ga6a6ab7 (webtiles) character file.

Game seed: 9961416516288801650

37 Leeroy the Conjurer (level 3, -20/21 HPs)
             Began as a Tengu Conjurer on Apr 11, 2019.
             Demolished by Menkaure (23 damage)
             ... on level 4 of the Dungeon.
             The game lasted 00:05:21 (985 turns).

Leeroy the Conjurer (Tengu Conjurer)                 Turns: 985, Time: 00:05:21

Health: -20/21     AC:  2    Str:  9    XL:     3   Next: 39%
Magic:  5/7        EV: 12    Int: 15    God:
Gold:   80         SH:  0    Dex: 14    Spells: 3/6 levels left

rFire    . . .     SeeInvis .   g - +0 short sword
rCold    . . .     Gourm    .   (no shield)
rNeg     . . .     Faith    .   a - +0 robe
rPois    .         Spirit   .   (helmet restricted)
rElec    .         Reflect  .   (no cloak)
rCorr    .         Harm     .   (no gloves)
MR       .....                  (boots unavailable)
Stlth    ++........             (no amulet)
HPRegen  0.07/turn              (no ring)
MPRegen  0.10/turn              (no ring)

@: very slightly contaminated
A: beak, talons 3
a: no special abilities


You were on level 4 of the Dungeon.
You were not hungry.

You visited 1 branch of the dungeon, and saw 3 of its levels.

You collected 80 gold pieces.

Inventory:

Hand Weapons
 b - a +0 club
 g - a +0 short sword (weapon)
 j - a +0 hunting sling
 n - a +0 whip
 r - a +0 dagger
 v - a +0 flail
Missiles
 i - 30 stones (quivered)
 l - 43 arrows
 o - 20 sling bullets
Armour
 a - a +0 robe (worn)
 q - a +0 ring mail
 w - a +0 leather armour
Scrolls
 e - a scroll of enchant armour {unknown}
 f - a scroll of magic mapping {unknown}
 k - a scroll of teleportation
 p - a scroll of random uselessness {unknown}
 s - a scroll of blinking {unknown}
 t - a scroll of identify {unknown}
 u - a scroll of noise {unknown}
Potions
 h - a potion of curing {unknown}
 m - 2 potions of brilliance {unknown}
Comestibles
 c - 6 rations
 d - 8 chunks of flesh


   Skills:
 * Level 2.1 Fighting
 - Level 2.1 Dodging
 - Level 2.0 Stealth
 - Level 2.0 Spellcasting
 - Level 6.0 Conjurations


You had 3 spell levels left.
You knew the following spells:

 Your Spells              Type           Power        Failure   Level  Hunger
a - Magic Dart            Conj           ###.         1%          1    #......
b - Searing Ray           Conj           ###...       2%          2    ###....

Your spell library contained the following spells:

 Spells                   Type           Power        Failure   Level  Hunger
 Dazzling Spray           Conj/Hex       ##....       19%         3    ###....
 Iskenderun's Mystic Bla  Conj           ###.....     19%         4    #####..
 Force Lance              Conj/Tloc      ##......     54%         4    #####..
 Fulminant Prism          Conj/Hex       ##........   54%         4    #####..


Dungeon Overview and Level Annotations

Branches:
Dungeon (2/15)

Altars:

Annotations:
D:4 Menkaure


Innate Abilities, Weirdness & Mutations

You have a beak for a mouth.
You have claws for feet.


Message History

Menkaure, Prince of Dust comes into view.
Menkaure shouts!
You hit Menkaure. You claw Menkaure. You peck Menkaure, but do no damage.
Menkaure is moderately damaged.
Menkaure calls on the powers of darkness!
Your body is wracked with pain!
Casting: Magic Dart (safe; 1% risk of failure)
Confirm with . or Enter, or press ? or * to list all spells.
Aiming: Searing Ray (safe; 2% risk of failure)
Press: ? - help, Shift-Dir - straight line, f - Menkaure
Aim: Menkaure (moderately damaged)
You miscast Searing Ray.
You are very lightly contaminated with residual magic.
You smell something strange.
Menkaure casts a spell at you. Pain shoots through your body!
* * * LOW HITPOINT WARNING * * *
Menkaure hits you!!
Ouch! That really hurt!
You die...

.. #.#
##### #.#
#...# #.#
#.#.# #.#
#.#.# #.#
..#.# #
#.#####.#
#
##.@M....#
#
#..#####.#
# #..# #.#
. #..# #.#
## #..#
#.# .#
#..# .#
#..# .#
#..# .#
#..#


You could see Menkaure.

Vanquished Creatures
  4 dart slugs
  2 leopard geckos (D:1)
  An orc (D:4)
  2 ball pythons
  A giant cockroach (D:2)
  3 goblins (D:1)
  A hobgoblin (D:1)
  4 bats (D:1)
  3 frilled lizards
  4 kobolds
  4 rats
29 creatures vanquished.

Notes
Turn   | Place    | Note
-------+----------+-------------------------------------------
     0 | D:1      | Leeroy the Tengu Conjurer began the quest for the Orb.
     0 | D:1      | Reached XP level 1. HP: 10/10 MP: 4/4
   121 | D:1      | Reached XP level 2. HP: 10/16 MP: 0/6
   125 | D:1      | Learned a level 2 spell: Searing Ray
   352 | D:1      | Reached skill level 6 in Conjurations
   494 | D:1      | Reached skill level 1 in Fighting
   583 | D:1      | Reached XP level 3. HP: 12/20 MP: 7/7
   914 | D:2      | You fall through a shaft for 2 floors!
   981 | D:4      | Noticed Menkaure
   985 | D:4      | Demolished by Menkaure

Levels and vault maps discovered:
D:1:      elethiomel_arrival_shortcut, layout_basic
D:2:      layout_loops_ring, marbit_many_paths, first_ration
D:4:      layout_loops_ring, gup_sewer_entry_spiral, grunt_ministairs_10,
          roderic_lattice_a, uniq_menkaure

Skill      XL: |  1  2  3 |
---------------+----------+-----
Conjurations   | 6 |  6.0
Fighting       | 1 2 |  2.1
Dodging        | |  2.1
Stealth        | |  2.0
Spellcasting   | |  2.0

Action                   || total
-------------------------++-------
Melee: Unarmed           ||     5
       Kick              ||     9
       Peck              ||     8
       Short sword       ||    25
       Club              ||     1
 Cast: Magic Dart        ||    23
       Searing Ray       ||     3
  Use: Scroll            ||     1
 Stab: Sleeping          ||     4
  Eat: Chunk             ||     1
Armor: Robe              ||     7
Dodge: Dodged            ||    24

Table legend:
 A = Non-vault XP
 B = Vault XP
 C = Vault XP percentage of total XP
 D = Non-vault monster count
 E = Vault monster count
 F = Vault count percentage of total count
                 A         B        C        D         E       F
            +---------+---------+-------+---------+---------+-------
      Total |      53 |       0 |   0.0 |      29 |       0 |   0.0
            +---------+---------+-------+---------+---------+-------
        D:1 |      38 |       0 |   0.0 |      21 |       0 |   0.0
        D:2 |      11 |       0 |   0.0 |       6 |       0 |   0.0
        D:4 |       4 |       0 |   0.0 |       2 |       0 |   0.0
            +---------+---------+-------+---------+---------+-------
